AoeStats
← condandonglao

Nomad

507925427Analyzed
4v4 RM · 14d ago on Sep 20, 2026· 35m 40s· 8 players
Game mode
Random Map
Map size
231×231
Population
200
Speed
Normal
Resources
Standard
Victory
Conquest
Starting age
Dark Age
Ending age
Imperial Age
RankedLock teamsTeams togetherTeam positionsShared explorationLock speedFull tech treeHidden civsTurbo modeCheats
Victory
Defeat
🇨🇳 Japanese · China
1148
+14
🇦🇷 Gurjaras · Argentina
1147
+14
🇨🇳 Celts · China
1112
+15
1106
+16
🇹🇼 Berbers · Taiwan
1165
-17
🇮🇹 Teutons · Italy
1126
-16
🇩🇪 Malians · Germany
1056
-13
🇫🇷 Huns · France
1056
-13
浮槎万里获星河
15:10 Feudal Age
16:03 Double-Bit Axe
19:13 Castle Age
17:50 Horse Collar
19:39 Fishing Lines
21:53 Wheelbarrow
26:28 Gold Mining
27:23 Forging
27:06 Stone Mining
28:02 Gillnets
28:51 Scale Barding Armor
29:40 Coinage
29:25 Heavy Plow
29:14 Loom
29:52 Bloodlines
30:45 Husbandry
32:04 Bow Saw
35:20 Imperial Age
34:16 Ballistics
35:22 Light Cavalry
围家建筑工
5:40 Loom
14:03 Feudal Age
15:14 Man-at-Arms
20:02 Double-Bit Axe
22:22 Castle Age
20:28 Fishing Lines
21:06 Stone Mining
27:30 Horse Collar
33:59 Gold Mining
35:06 Heavy Plow
KISSSHOT
5:32 Loom
14:14 Feudal Age
14:13 Loom
17:48 Castle Age
16:02 Fishing Lines
16:36 Forging
18:00 Stone Mining
18:17 Gold Mining
18:26 Town Watch
19:11 Medium Warships
19:30 Double-Bit Axe
20:42 Wheelbarrow
21:06 Bow Saw
22:00 Gillnets
23:09 Horse Collar
25:28 Scale Mail Armor
27:06 Heavy Plow
30:37 Iron Casting
30:40 Hand Cart
36:26 Imperial Age
34:37 Stone Shaft Mining
34:37 Gold Shaft Mining
condandonglao
6:21 Loom
14:59 Feudal Age
20:29 Castle Age
18:31 Double-Bit Axe
18:28 Horse Collar
27:42 Husbandry
29:00 Scale Barding Armor
31:43 Wheelbarrow
32:03 Chain Barding Armor
37:18 Imperial Age
35:04 Bow Saw
35:52 Hand Cart
35:37 Gold Mining
35:58 Forging
Icke
5:43 Loom
15:46 Feudal Age
17:03 Wheelbarrow
20:27 Castle Age
19:46 Gold Mining
19:47 Stone Mining
19:41 Horse Collar
21:02 Forging
20:54 Double-Bit Axe
21:29 Medium Warships
22:28 Hand Cart
22:31 Bow Saw
22:42 Heavy Plow
26:17 Scale Mail Armor
26:53 Iron Casting
30:00 Squires
29:46 Arson
31:07 Town Watch
tnan
5:43 Loom
13:18 Feudal Age
14:52 Loom
17:46 Castle Age
15:40 Double-Bit Axe
19:06 Bow Saw
22:10 Fletching
22:46 Scale Barding Armor
24:54 Medium Warships
30:04 Bodkin Arrow
33:08 Ballistics
33:10 Gold Mining
33:11 Stone Mining
34:32 Gold Shaft Mining
35:00 Wheelbarrow
Flanker_08
14:53 Feudal Age
19:00 Castle Age
16:48 Double-Bit Axe
20:59 Forging
20:55 Scale Barding Armor
24:15 Horse Collar
26:23 Heavy Plow
27:32 Wheelbarrow
27:06 Town Watch
30:04 Loom
30:20 Town Patrol
30:21 Fletching
31:41 Bodkin Arrow
31:46 Gold Mining
ravi0licru
5:03 Loom
14:38 Feudal Age
19:39 Castle Age
17:46 Fletching
18:01 Gold Mining
19:38 Town Watch
20:11 Demolition Ship
24:51 Double-Bit Axe
28:54 Horse Collar
30:03 Wheelbarrow
30:11 Bodkin Arrow
30:16 Padded Archer Armor
30:43 Masonry
31:47 Stone Mining
32:01 Heavy Plow
32:22 Bow Saw
32:00 Fishing Lines
38:19 Imperial Age
Connection lost

Rejoining the realm…

Still unreachable

The connection could not be restored.

Session expired

The server has moved on; the page needs a fresh start.